[Event "Live Chess"]
[Site "Chess.com"]
[Date "2024.06.02"]
[Round "-"]
[White "Zhevzh1k7"]
[Black "NomisY"]
[Result "0-1"]
[WhiteElo "1107"]
[BlackElo "2266"]
[TimeControl "300"]
[EndTime "3:13:23 PDT"]
[Termination "NomisY won by checkmate"]

1. e4 c6 2. d4 d5 3. f3 dxe4 4. fxe4 e5 5. Nf3 exd4 6. Qxd4 Qxd4 7. Nxd4 Nf6 8. Nc3 Bb4 9. e5 Ne4 10. Bd2 Nxd2 11. Kxd2 O-O 12. a3 Be7 13. Bd3 Nd7 14. Nf3 Nc5 15. b4 Nxd3 16. Kxd3 Bf5+ 17. Ke3 Bxc2 18.
Rac1 Bf5 19. Nd4 Bg5+ 20. Kf3 Bxc1 21. Rxc1 Bg6 22. h4 Rfe8 23. Re1 Rad8 24. Nb3 b6 25. a4 Rd3+ 26. Re3 Rxe3+ 27. Kxe3 Rxe5+ 28. Kd4 Re1 29. b5 cxb5 30. axb5 Rg1 31. Ne2 Rxg2 32.
Nf4 Rg4 33. Ke5 Rxh4 34. Nxg6 hxg6 35. Nd4 Rxd4 36. Kxd4 g5 37. Ke4 g4 38. Kf4 f5 39. Kxf5 g3 40. Ke6 g2 41. Kd7 g1=Q 42. Kc7 Qc5+ 43. Kb7 Qxb5 44. Kxa7 g5 45. Ka8 g4 46.
Ka7 g3 47. Ka8 g2 48. Ka7 g1=Q 49. Ka8 Qa1+ 50. Kb7 Qg7+ 51. Kb8 Qe8# 0-1

[Event "Live Chess"]
[Site "Chess.com"]
[Date "2024.06.02"]
[Round "-"]
[White "seasidecastle27"]
[Black "Delacorta"]
[Result "1-0"]
[WhiteElo "1928"]
[BlackElo "1514"]
[TimeControl "300"]
[EndTime "3:13:28 PDT"]
[Termination "seasidecastle27 won by resignation"]

1. d4 Nf6 2. Nf3 d6 3. Bg5 Nbd7 4. Nbd2 b6 5. e4 Bb7 6. Bd3 e5 7. Qe2 Be7 8. O-O-O c5 9. dxe5 Nxe5 10. Nxe5 dxe5 11. Bb5+ Nd7 12. Bxe7 Qxe7 13. Nc4 O-O 14. Rxd7 Qg5+ 15. Kb1 a6 16. Ba4 b5 17. Rxb7 bxa4 18. Rd1 1-0

[Event "Live Chess"]
[Site "Chess.com"]
[Date "2024.06.02"]
[Round "-"]
[White "booktrunk"]
[Black "LL220284LL"]
[Result "0-1"]
[WhiteElo "1500"]
[BlackElo "2500"]
[TimeControl "300"]
[EndTime "3:14:01 PDT"]
[Termination "LL220284LL won by resignation"]

1. d4 c6 2. a3 g6 3. Bf4 Bg7 4. Nc3 d6 5. Rb1 Nd7 6. e3 Ngf6 7. Nf3 b5 8. h3 a6 9. Bd3 Bb7 10. Qe2 c5 11. dxc5 Nxc5 12. O-O O-O 13. Na2 Nfe4 14. b4 Nxd3 15. cxd3 Nf6 16. Rfc1 Qd7 17. Nd4 e5 18. Nf3 exf4 19. exf4 Rfe8 20. Qd2 Nd5 21. Nd4 Bxd4 0-1

[Event "Live Chess"]
[Site "Chess.com"]
[Date "2024.06.02"]
[Round "-"]
[White "raimundklein"]
[Black "halfberg"]
[Result "0-1"]
[WhiteElo "1549"]
[BlackElo "1899"]
[TimeControl "300"]
[EndTime "3:14:02 PDT"]
[Termination "halfberg won on time"]

1. e4 c5 2. Nf3 Nc6 3. c3 Nf6 4.
e5 Nd5 5. d4 cxd4 6. cxd4 d6 7.
Nc3 Nxc3 8. bxc3 dxe5 9. dxe5 Qxd1+ 10. Kxd1 Bg4 11. Bf4 O-O-O+ 12. Kc2 e6 13. Bd3 Bc5 14. Rhf1 Rd7 15. Be4 Rhd8 16. Rad1 Rxd1 17. Rxd1 Rxd1 18. Kxd1 Bxf2 19. Ke2 Bc5 20. Bxh7 g6 21. h3 Bxf3+ 22. Kxf3 Kd7 23. Ke4 Ke8 24. g4 Kf8 25. Bh6+ Ke8 26. h4 Bf8 27. Be3 Bg7 28. Bf4 Ne7 29. h5 gxh5 30.
gxh5 Nd5 31. Bd2 f5+ 32. Kd4 Kd7 33. h6 Bh8 34. c4 Ne7 35. Bg5 Nc6+ 36. Ke3 Nxe5 37. c5 Nf7 38. Bf4 e5 39. Bxf5+ Kc6 40. Be4+ Kxc5 41. Bg3 Nxh6 42. Bxb7 Nf7 43. Bf2 Nd6 44.
Bg2 a5 45. Kd3+ Kb5 46. Kc2 Bf6 47. Bf1+ Kc6 48. Kb3 e4 49. Be1 e3 50. Bxa5 Ne4 51.
Kc2 Kc5 52. Kd3 Nd6 53. Kxe3 Nc4+ 54. Kd3 Nxa5 55. Kc2 Kb4 56. Bg2 Ka3 57. Kb1 Nc4 58. Bd5 Ne3 59. Bf7 Bc3 0-1

[Event "Live Chess"]
[Site "Chess.com"]
[Date "2024.06.02"]
[Round "-"]
[White "TigerTank70"]
[Black "Purple1szed"]
[Result "1-0"]
[WhiteElo "2226"]
[BlackElo "2068"]
[TimeControl "300"]
[EndTime "3:14:14 PDT"]
[Termination "TigerTank70 won by resignation"]

1. e4 e5 2. Nf3 Nc6 3. Bc4 Nf6 4. Nc3 Nxe4 5. Qe2 Nxc3 6. bxc3 d6 7. d4 Bg4 8. dxe5 Bxf3 9. Qxf3 Nxe5 10. Qxb7 Nxc4 11. Qc6+ Qd7 12. Qxa8+ Ke7 13. O-O Ne5 14. f4 Ng6 15. c4 c6 16. Bb2 f6 17. Qb8 Kf7 18. Qb3 Be7 19. c5+ d5 20. f5 Ne5 21. Bxe5 fxe5 22.
Qc3 Bf6 23. Rab1 e4 24. Qb4 Re8 25. Rfe1 Qxf5 26. Qb7+ Re7 27. Qxc6 Bd4+ 28. Kh1 e3 29. Rf1 Qf6 30. Qxd5+ Kf8 31. Rb8+ 1-0

[Event "Live Chess"]
[Site "Chess.com"]
[Date "2024.06.02"]
[Round "-"]
[White "vincents82"]
[Black "DJ_Lambton"]
[Result "1/2-1/2"]
[WhiteElo "2009"]
[BlackElo "1785"]
[TimeControl "300"]
[EndTime "3:14:41 PDT"]
[Termination "Game drawn - insufficient material"]

1. e4 c6 2. d4 d5 3. Nc3 dxe4 4.
Nxe4 Bf5 5. Ng3 Bg6 6. h4 h6 7. Nf3 Nd7 8. h5 Bh7 9. Bd3 Bxd3 10. Qxd3 e6 11. Bd2 Ngf6 12. O-O-O Be7 13. Ne4 Nxe4 14. Qxe4 Nf6 15. Qe2 Qd5 16. c4 Qe4 17. Qxe4 Nxe4 18. Be3 O-O 19. Ne5 Bf6 20. f3 Nd6 21. Nd7 Nxc4 22.
Nxf6+ gxf6 23. Bxh6 Rfd8 24. b3 Nb6 25. Be3 Nd5 26. Bf2 Rac8 27. Kb2 e5 28. h6 Kh7 29.
g4 exd4 30. Bxd4 c5 31. Bc3 Nxc3 32. Kxc3 Rxd1 33. Rxd1 Rc7 34. Rh1 b6 35. Kc4 a6 36.
a4 Rc8 37. Kd5 Kg6 38. h7 Rh8 39. Kc6 f5 40. gxf5+ Kxf5 41. Kxb6 Kf4 42. Kxc5 f5 43. Kb6 Kxf3 44. Kxa6 f4 45. Kb7 Kg2 46. Rh6 f3 47. Rg6+ Kf1 48. Rf6 Rxh7+ 49. Kb6 f2 50. Rxf2+ Kxf2 51. b4 Ke3 52. a5 Kd4 53. a6 Kc4 54. a7 Rh8 55. Kb7 Kxb4 56. a8=Q Rxa8 57. Kxa8 1/2-1/2

[Event "Live Chess"]
[Site "Chess.com"]
[Date "2024.06.02"]
[Round "-"]
[White "Dhaydon19"]
[Black "NottheBishopSacrifice"]
[Result "1-0"]
[WhiteElo "2628"]
[BlackElo "2309"]
[TimeControl "300"]
[EndTime "3:14:50 PDT"]
[Termination "Dhaydon19 won by resignation"]

1. d4 d5 2. Nf3 Nf6 3. c4 e6 4. cxd5 exd5 5. Nc3 c6 6. Bf4 Bd6 7. Bxd6 Qxd6 8. Qc2 O-O 9. e3 Re8 10. Bd3 Nbd7 11. O-O Nf8 12. Ne5 Ng4 13. Nxg4 Bxg4 14. Rab1 Bh5 15. b4 Bg6 16. a4 Rad8 17. Rfc1 Rc8 18. Bxg6 hxg6 19. Qd3 Red8 20. Ne2 Ne6 21.
h4 Qe7 22. g3 a6 23. Kg2 Qd6 24. Rh1 Qe7 25. h5 Qf6 26. hxg6 Qxg6 27. Qxg6 fxg6 28. Rhc1 Kf7 29. Nc3 g5 30. b5 axb5 31. axb5 c5 32. dxc5 Rxc5 33. Na4 Rxc1 34. Rxc1 d4 35. exd4 Rxd4 36.
Nc5 Nc7 37. b6 Na8 38. Nxb7 Nxb6 39. Rc6 Nc4 40. Rxc4 Rd5 41. Nc5 1-0

[Event "Live Chess"]
[Site "Chess.com"]
[Date "2024.06.02"]
[Round "-"]
[White "elis06"]
[Black "KeithArkell"]
[Result "1-0"]
[WhiteElo "2331"]
[BlackElo "2406"]
[TimeControl "300"]
[EndTime "3:14:53 PDT"]
[Termination "elis06 won by resignation"]

1. d4 e6 2. Nf3 Nf6 3. e3 c5 4.
Bd3 cxd4 5. exd4 Be7 6. O-O O-O 7. c3 b6 8. Bg5 Ba6 9. Bxa6 Nxa6 10. Qd3 Nc7 11.
Nbd2 b5 12. Rfe1 d6 13. Rad1 Qd7 14. Ne4 Nxe4 15. Qxe4 h6 16. Bxe7 Qxe7 17. d5 e5 18. Nd4 Qg5 19. Nf5 Rfd8 20. Rd3 g6 21. Rg3 Qd2 22.
Rf1 Kf8 23. Ne3 Qxb2 24. Qh4 h5 25. Qf6 Ne8 26. Qh8+ Ke7 27. Rf3 Rd7 28. Qh7 Kd8 29. Rxf7 Rxf7 30. Qxf7 Qxc3 31. Qxg6 Rc8 32. Qxh5 Rc7 33.
Qg5+ Kc8 34. Qg8 Kd8 35. Nf5 Qb4 36. h4 Rd7 37. h5 Qf4 38. g4 e4 39. h6 Kc7 40. h7 Nf6 41. h8=Q Nxg8 42. Qxg8 a5 43. Qh8 Qxg4+ 44. Ng3 Qg5 45. Qc3+ Kd8 46. Rc1 Ke7 47. Re1 b4 48. Rxe4+ Kf7 49. Qf3+ Kg7 50. Rg4 1-0

[Event "Live Chess"]
[Site "Chess.com"]
[Date "2024.06.02"]
[Round "-"]
[White "Thebigsqueeze"]
[Black "Pandreq"]
[Result "1-0"]
[WhiteElo "2269"]
[BlackElo "1220"]
[TimeControl "300"]
[EndTime "3:15:13 PDT"]
[Termination "Thebigsqueeze won by checkmate"]

1. d4 d5 2. Nf3 e6 3. g3 Nf6 4. Bg2 b6 5. O-O Bb7 6. c4 c6 7. Qc2 Nbd7 8. Bf4 Rc8 9. Nbd2 Be7 10. e4 dxc4 11. Nxc4 O-O 12. Nd6 Bxd6 13. Bxd6 Re8 14. e5 Nd5 15. Nd2 Ba6 16. Rfe1 c5 17. Qa4 Nb4 18.
a3 b5 19. Qb3 Nd5 20. Bxd5 exd5 21. dxc5 Nxc5 22. Qxd5 Bb7 23. Qd4 Qb6 24. Bxc5 Rxc5 25. b4 Qc6 26. f3 Rd5 27. Qf4 Red8 28. Ne4 Re8 29. Nd6 Qb6+ 30. Kh1 Rdxe5 31. Qxf7+ Kh8 32. Qxe8+ Rxe8 33. Rxe8# 1-0

[Event "Live Chess"]
[Site "Chess.com"]
[Date "2024.06.02"]
[Round "-"]
[White "SavagePawn7"]
[Black "MellowAesthetic"]
[Result "0-1"]
[WhiteElo "653"]
[BlackElo "2079"]
[TimeControl "300"]
[EndTime "3:15:17 PDT"]
[Termination "MellowAesthetic won by resignation"]

1. e4 c5 2. d4 cxd4 3. c3 dxc3 4. Nxc3 Nc6 5. Nf3 d6 6. Bc4 a6 7. O-O Nf6 8. e5 dxe5 9. Nxe5 Nxe5 10. f4 Qxd1 11.
Rxd1 Nxc4 0-1

[Event "Live Chess"]
[Site "Chess.com"]
[Date "2024.06.02"]
[Round "-"]
[White "missedJariChance"]
[Black "RockTroll"]
[Result "0-1"]
[WhiteElo "1356"]
[BlackElo "2181"]
[TimeControl "300"]
[EndTime "3:15:19 PDT"]
[Termination "RockTroll won on time"]

1. b3 d5 2. Bb2 Nf6 3. Nf3 g6 4. e3 Bg7 5. c4 c6 6. d4 O-O 7. Be2 Bg4 8. O-O Nbd7 9. Nbd2 Re8 10. cxd5 cxd5 11. h3 Bxf3 12. Bxf3 e6 13. Rc1 Rc8 14. Ba3 Qb6 15. Qe2 Bf8 16. Bxf8 Kxf8 17. Nb1 Nb8 18. Na3 a6 19. Qd2 Nc6 20. Nc2 Rc7 21. Be2 Rec8 22.
Bd3 Ne8 23. e4 dxe4 24. Bxe4 Nxd4 25. Nxd4 Rxc1 26. Rxc1 Rxc1+ 27. Qxc1 Qxd4 28. Bxb7 a5 29. Qa3+ Qb4 30. Qxb4+ axb4 31. Kf1 Ke7 32. Ke2 Kd6 33. Kd3 Kc5 34. Ba6 Nd6 35. Bc4 e5 36. g3 f5 37.
Bg8 e4+ 38. Kd2 h6 39. Bh7 g5 40. Bg6 Kd4 41. h4 f4 42. hxg5 hxg5 0-1

[Event "Live Chess"]
[Site "Chess.com"]
[Date "2024.06.02"]
[Round "-"]
[White "Larchikov"]
[Black "Crowded_House"]
[Result "1-0"]
[WhiteElo "2058"]
[BlackElo "1664"]
[TimeControl "300"]
[EndTime "3:15:43 PDT"]
[Termination "Larchikov won by resignation"]

1. d4 e6 2. e4 d5 3. exd5 exd5 4. Nf3 Bd6 5. Bd3 Ne7 6. O-O h6 7. c3 O-O 8. h3 Bf5 9. Na3 a6 10. Nc2 c6 11. Ne3 Bxd3 12. Qxd3 Nd7 13. Ng4 Ng6 14. g3 Qc7 15. Kg2 Rfe8 16. Bd2 Re7 17. Rae1 Rae8 18. h4 Rxe1 19. Rxe1 Rxe1 20. Bxe1 Qd8 21. Qf5 Ne7 22. Qd3 Ng6 23. Bd2 Qe7 24. Ne3 Nf6 25. Nf5 Qd7 26. Nxd6 Qxd6 27. Qe2 Qe7 28. Qxe7 Nxe7 29. Bf4 Ne4 30.
Ne5 Ng6 31. Nxg6 fxg6 32. f3 Nf6 33. g4 Nd7 34. Kf2 Kf7 35. Ke3 Nb6 36. b3 Kf6 37.
Bc7 Nd7 38. Kf4 Nf8 39. Bd8+ Ke6 40. c4 dxc4 41. bxc4 Kd7 42. Bb6 Ne6+ 43. Ke5 g5 44. hxg5 Nxg5 45. f4 Nf3+ 46. Kf5 Nd2 47. c5 Ke7 48. Bc7 Nf3 49. Ke4 Nd2+ 50. Ke3 Nc4+ 51. Kd3 Na3 52. Bb6 g6 53. d5 cxd5 54. c6 bxc6 55.
Bc5+ Ke6 56. Bxa3 h5 57. f5+ gxf5 58. gxh5 Kf6 59. Bc1 c5 60. h6 c4+ 61. Kd4 Kg6 62.
Kxd5 c3 63. Kd4 c2 64. Kc3 Kf7 65. Kxc2 Kg6 66. Bf4 a5 67. Kd3 a4 68. Kc4 Kf7 69. Kb4 Kg6 70. Kxa4 1-0

[Event "Live Chess"]
[Site "Chess.com"]
[Date "2024.06.02"]
[Round "-"]
[White "Duke_of_Bebington"]
[Black "Bodhanas"]
[Result "0-1"]
[WhiteElo "1636"]
[BlackElo "2267"]
[TimeControl "300"]
[EndTime "3:15:59 PDT"]
[Termination "Bodhanas won by checkmate"]

1. e4 d6 2. d4 c6 3. Bd3 Nf6 4. Ne2 Nbd7 5. Be3 e5 6. Qd2 Qc7 7. f3 b6 8. Nbc3 Bb7 9. h4 h5 10. Ng3 g6 11. Bg5 Be7 12. Bc4 a5 13. O-O b5 14.
Be2 O-O 15. Bxf6 Bxf6 16. d5 b4 17. Nd1 cxd5 18. exd5 Qc5+ 19. Kh2 Bxh4 20. Ne4 Qxd5 21. Qxd5 Bxd5 22. g3 Be7 23. Bb5 Nc5 24. Nxc5 dxc5 25.
Ne3 Be6 26. Rad1 Rad8 27. Bc4 Bxc4 28. Nxc4 f6 29. Nxa5 Rxd1 30. Rxd1 Rd8 31. Rxd8+ Bxd8 32. Nc6 Bb6 33. Ne7+ Kf7 34. Nd5 Bd8 35. c4 bxc3 36. bxc3 Ke6 37. c4 f5 38. Kg2 g5 39. a4 e4 40.
fxe4 fxe4 41. Kf2 Ke5 42. Ke3 h4 43. gxh4 gxh4 44. Nc3 Bg5+ 45. Kf2 h3 46. Ne2 Bd2 47.
Kg3 e3 48. Kxh3 Ke4 49. Kg2 Kd3 50. Kf3 Kxc4 51. a5 Kb5 52. Nc3+ Bxc3 53. Kxe3 Bxa5 54. Kd3 c4+ 55. Kc2 Kb4 56. Kb1 c3 57. Kc2 Kc4 58. Kb1 Kb3 59. Kc1 Bc7 60. Kd1 c2+ 61. Kc1 Bf4# 0-1

[Event "Live Chess"]
[Site "Chess.com"]
[Date "2024.06.02"]
[Round "-"]
[White "Ninifu"]
[Black "silunn"]
[Result "0-1"]
[WhiteElo "2007"]
[BlackElo "2190"]
[TimeControl "300"]
[EndTime "3:16:02 PDT"]
[Termination "silunn won on time"]

1. d4 e6 2. c4 d5 3. Nf3 Nf6 4. g3 Be7 5. Bg2 O-O 6. O-O c5 7. cxd5 exd5 8. Nc3 c4 9. Ne5 Nc6 10. e4 Be6 11. Nxc4 dxc4 12. d5 Bg4 13. Qa4 Ne5 14.
Be3 a6 15. f3 b5 16. Qc2 Bc8 17. Bd4 Nd3 18. b3 Bb7 19. bxc4 bxc4 20. Rab1 Rb8 21. Qa4 Qc7 22. Kh1 Bc5 23. Qxc4 Rfc8 24. Qxd3 Bxd4 25. Qxd4 Qxc3 26. Qxc3 Rxc3 27. Rfc1 Rxc1+ 28. Rxc1 Nxd5 29. exd5 Bxd5 30. h4 g6 31. Rc2 Rb1+ 32.
Kh2 Ra1 33. f4 Bxa2 34. Rc7 Be6 35. Ra7 Ra2 36. Kg1 Bc4 37. Be4 Kg7 38. f5 Kf6 39. g4 gxf5 0-1

[Event "Live Chess"]
[Site "Chess.com"]
[Date "2024.06.02"]
[Round "-"]
[White "MagnersCarlsberg2870"]
[Black "WeakOldFinished"]
[Result "0-1"]
[WhiteElo "1780"]
[BlackElo "2160"]
[TimeControl "300"]
[EndTime "3:16:09 PDT"]
[Termination "WeakOldFinished won by resignation"]

1. d4 Nf6 2. Nf3 c5 3. e3 g6 4. Bd3 Bg7 5. c3 b6 6. e4 Bb7 7.
e5 Nd5 8. O-O O-O 9. c4 Nb4 10.
d5 e6 11. a3 Nxd3 12. Qxd3 exd5 13. cxd5 Ba6 14. Qc3 Bxf1 15. Kxf1 d6 16. Bg5 f6 17. Bf4 fxe5 18. Bg5 Qd7 19. Nbd2 Na6 20. Ne4 Nc7 21. b4 Nb5 22. Qc4 Nd4 23. bxc5 bxc5 24. Nfd2 Rab8 25. f3 h6 0-1

[Event "Live Chess"]
[Site "Chess.com"]
[Date "2024.06.02"]
[Round "-"]
[White "JohanKjeldahl"]
[Black "slava_ukr"]
[Result "0-1"]
[WhiteElo "1807"]
[BlackElo "2425"]
[TimeControl "300"]
[EndTime "3:16:13 PDT"]
[Termination "slava_ukr won by resignation"]

1. c4 e5 2. Nc3 Nf6 3. Nf3 d6 4. e3 g6 5. d4 Nbd7 6. Bd3 Bg7 7.
O-O O-O 8. b3 Re8 9. Bc2 c6 10.
Bb2 e4 11. Nd2 d5 12. cxd5 cxd5 13. Nb5 Bf8 14. a4 a6 15. Nc3 Bd6 16. Qe2 Nf8 17.
f4 h5 18. h3 Bf5 19. Qf2 Rc8 20. Rac1 Qe7 21. Ne2 Ba3 22. Bxa3 Qxa3 23. Ng3 Bd7 24. Ne2 Qb2 25. f5 g5 26. Qg3 N8h7 27.
Qd6 Rxc2 28. Rxc2 Qxc2 0-1

[Event "Live Chess"]
[Site "Chess.com"]
[Date "2024.06.02"]
[Round "-"]
[White "matt1979"]
[Black "aleksl1977"]
[Result "1-0"]
[WhiteElo "1414"]
[BlackElo "1261"]
[TimeControl "300"]
[EndTime "3:16:25 PDT"]
[Termination "matt1979 won by resignation"]

1. f4 d5 2. e3 Nc6 3. Bb5 Bd7 4.
Nf3 Bg4 5. O-O a6 6. Bxc6+ bxc6 7. Qe1 Rb8 8. Ne5 Bf5 9. Nxc6 Qd6 10. Nxb8 d4 11.
e4 Bg4 12. d3 Qb6 13. Nxa6 Qxa6 14. Qg3 Be6 15. f5 Bd7 16. Qxc7 h5 17. Qb8+ Bc8 18. Nd2 h4 19. a4 Nf6 20. Qb5+ Qxb5 21. axb5 h3 22. g3 Ng4 23. Nc4 Kd8 24. Ra8 Kc7 25. b6+ Kb7 26. Ra7+ Kb8 27. Bf4+ 1-0

[Event "Live Chess"]
[Site "Chess.com"]
[Date "2024.06.02"]
[Round "-"]
[White "StoreySniper"]
[Black "JanMur7"]
[Result "0-1"]
[WhiteElo "2511"]
[BlackElo "2285"]
[TimeControl "300"]
[EndTime "3:17:05 PDT"]
[Termination "JanMur7 won on time"]

1. e4 e5 2. Nf3 Nc6 3. Bb5 Nf6 4. d3 Ne7 5. Nc3 c6 6. Ba4 Ng6 7. Bg5 Be7 8. Qe2 h6 9. Bd2 a5 10. Bb3 d6 11. a4 Nh5 12. O-O-O Nhf4 13. Qf1 Bd7 14.
h4 b5 15. g3 Ne6 16. h5 Ngf8 17. Nh4 Nd4 18. f4 Nxb3+ 19. cxb3 b4 20. Ne2 Be6 21. Kc2 Qb6 22. f5 Qc5+ 23. Kb1 Bxb3 24. Rc1 Qb6 25. f6 gxf6 26. Nf5 Ne6 27. Be3 c5 28. Bxh6 Bxa4 29.
Bg7 Rh7 30. Nxe7 Kxe7 31. Qxf6+ Ke8 32. h6 Bb5 33. Rc4 Bxc4 34. dxc4 Nxg7 35. Qg5 Ne6 36. Qf5 Nf8 37. g4 a4 38. g5 b3 39. Nc3 a3 40.
Nb5 axb2 41. Kxb2 Qa6 42. Kc3 Qa5+ 43. Kd3 Rd8 44. Rb1 Rd7 45. Rxb3 Qe1 46. Nc3 Qg1 47. Rb8+ Rd8 48. Rb7 Qd4+ 49. Kc2 Qxc4 50. Qf6 Qe6 51. Qf2 Qc8 52. Qe2 Qxb7 53. Qc4 Qc6 54. Nd5 Qd7 55. Nf6+ Ke7 56. Nxd7 Kxd7 57. Qb5+ Ke7 58.
Qb7+ Rd7 59. Qb8 Ne6 60. Qa8 Nd4+ 61. Kd3 Rc7 62. Qb8 c4+ 0-1

[Event "Live Chess"]
[Site "Chess.com"]
[Date "2024.06.02"]
[Round "-"]
[White "resipsa6"]
[Black "Kyrylo7770"]
[Result "1-0"]
[WhiteElo "2024"]
[BlackElo "1614"]
[TimeControl "300"]
[EndTime "3:17:18 PDT"]
[Termination "resipsa6 won by checkmate"]

1. e4 c6 2. e5 d5 3. exd6 Qxd6 4. Nf3 Nf6 5. d4 Bg4 6. Be2 e6 7. Be3 Qd8 8. c3 Bd6 9. Nbd2 Bc7 10. Nc4 Nbd7 11.
Nce5 Bxf3 12. Nxf3 Nb6 13. O-O O-O 14. Qd2 Nbd5 15.
c4 Ba5 16. Qc2 Nxe3 17. fxe3 Bc7 18. Bd3 Ng4 19. Rfe1 Qf6 20. h3 Nh6 21. Bxh7+ Kh8 22. Bd3 g6 23. Rf1 Kg7 24. Ne5 Qg5 25. Nd7 Qxe3+ 26. Kh1 Rh8 27. Rf3 Qxd4 28. Rd1 Qd6 29. g3 Qxd7 30. Bxg6 Nf5 31. Rxd7 Rxh3+ 32. Kg2 Rxg3+ 33.
Rxg3 Nxg3 34. Rxf7+ Kg8 35. Bh7+ Kxf7 36. Qg6+ Ke7 37.
Qg7+ Kd6 38. Kxg3 Kc5+ 39. Qxc7 Kxc4 40. Qxb7 Rd8 41. Qxc6+ Kd4 42. Qxe6 Rd5 43. Qxd5+ Kxd5 44. Kf3 Kc4 45. Ke3 a5 46. Bg8+ Kb4 47. Bf7 a4 48. Kd4 a3 49. b3 Kb5 50. Kc3 Ka5 51. Kc4 Ka6 52. Kb4 Kb6 53. Ka4 Kc5 54. Ka5 Kd4 55. b4 Kc3 56. b5 Kb2 57. b6 Kc3 58. b7 Kb2 59. b8=N Ka1 60. Na6 Kb2 61. Nc5 Ka1 62. Kb4 Kb2 63. Kc4 Kxa2 64. Kc3+ Kb1 65. Nb3 a2 66.
Bg6# 1-0

[Event "Live Chess"]
[Site "Chess.com"]
[Date "2024.06.02"]
[Round "-"]
[White "slava_ukr"]
[Black "MagnersCarlsberg2870"]
[Result "1-0"]
[WhiteElo "2425"]
[BlackElo "1780"]
[TimeControl "300"]
[EndTime "3:17:35 PDT"]
[Termination "slava_ukr won by resignation"]

1. e4 d6 2. Nc3 Nf6 3. f4 Bg4 4. Nf3 e5 5. Bc4 Be7 6. fxe5 dxe5 7. Bxf7+ Kxf7 8. Nxe5+ Ke8 9. Nxg4 Qd4 10. d3 Bc5 11. Be3 Qb4 12. Nxf6+ gxf6 13. Qh5+ 1-0

[Event "Live Chess"]
[Site "Chess.com"]
[Date "2024.06.02"]
[Round "-"]
[White "elis06"]
[Black "Hoogleboogle"]
[Result "1-0"]
[WhiteElo "2331"]
[BlackElo "1363"]
[TimeControl "300"]
[EndTime "3:17:36 PDT"]
[Termination "elis06 won by resignation"]

1. d4 Nf6 2. Nf3 e6 3. Bf4 d5 4. e3 c5 5. c3 cxd4 6. exd4 Bd6 7.
Bg5 h6 8. Bh4 g5 9. Bg3 Bxg3 10.
hxg3 Nbd7 11. Bd3 a6 12. Nxg5 Ke7 13. Nf3 Ne4 14. Nbd2 b5 15. Nxe4 dxe4 16. Bxe4 Rb8 17. Qe2 Bb7 18. Bxb7 Rxb7 19. O-O-O Qc7 20. d5 b4 21. d6+ 1-0

[Event "Live Chess"]
[Site "Chess.com"]
[Date "2024.06.02"]
[Round "-"]
[White "booktrunk"]
[Black "KeithArkell"]
[Result "0-1"]
[WhiteElo "1500"]
[BlackElo "2406"]
[TimeControl "300"]
[EndTime "3:17:38 PDT"]
[Termination "KeithArkell won by resignation"]

1. d4 c5 2. dxc5 e6 3. a3 Bxc5 4. b4 Bb6 5. Nf3 Qf6 6. c3 h6 7. Bb2 Nc6 8. Qc2 g5 9. c4 e5 10. e3 d6 11. Be2 Bf5 12. Qd2 Nge7 13. h3 O-O 14. Nc3 Rad8 15. Nd5 Nxd5 16. cxd5 Ne7 17.
g4 Be4 18. Qd1 Rc8 19. O-O Rc2 20.
Bd3 Bxd3 21. Qxd3 Rxb2 22. Rfc1 Qxf3 0-1

[Event "Live Chess"]
[Site "Chess.com"]
[Date "2024.06.02"]
[Round "-"]
[White "Queensandpawns"]
[Black "AlexanderMatlak"]
[Result "0-1"]
[WhiteElo "2242"]
[BlackElo "2395"]
[TimeControl "300"]
[EndTime "3:17:51 PDT"]
[Termination "AlexanderMatlak won by resignation"]

1. e4 c5 2. Nf3 d6 3. d4 cxd4 4. c3 Nf6 5. Bc4 e6 6. O-O Nxe4 7. Re1 d5 8. Bb5+ Bd7 9. Nxd4 Bc5 10. Bxd7+ Nxd7 11.
b4 Bb6 12. Nd2 Nxc3 13. Qg4 O-O 14. Bb2 Nf6 15. Qh4 Nfe4 16. Qxd8 Rfxd8 17. Nxe4 Nxe4 18. Rad1 Rac8 19. f3 Nd6 20. Kf1 Rc4 21. a3 Rdc8 22.
Re2 a6 23. Nxe6 fxe6 24. Rxe6 R4c6 25. Rxd5 Nc4 26. Rxc6 Rxc6 27. Ba1 Rd6 0-1

[Event "Live Chess"]
[Site "Chess.com"]
[Date "2024.06.02"]
[Round "-"]
[White "oscalik"]
[Black "yarek"]
[Result "1-0"]
[WhiteElo "2233"]
[BlackElo "1756"]
[TimeControl "300"]
[EndTime "3:18:08 PDT"]
[Termination "oscalik won on time"]

1. e4 g6 2. d4 Bg7 3. Nc3 c6 4. f4 d5 5. e5 h5 6. Nf3 Bg4 7. Be3 Nh6 8. Be2 e6 9. O-O Nd7 10. h3 Bxf3 11. Bxf3 Nf5 12. Bf2 h4 13. Ne2 c5 14. c3 cxd4 15. Nxd4 a6 16. Qb3 Qc7 17. Rad1 Ng3 18. Rfe1 Bf8 19. Bxd5 exd5 20. e6 O-O-O 21. exd7+ Qxd7 22. c4 Ne4 23. Be3 Nc5 24. Qb6 Na4 25.
Qb3 Nc5 26. Qc2 Kb8 27. f5 Bg7 28. Bf4+ Ka8 29. cxd5 Rc8 30. Nc6 bxc6 31. Qxc5 cxd5 32. Qa5 Qb5 33. Rxd5 Bd4+ 34. Kh1 Qxa5 35. Rxa5 Kb7 36. Re7+ Kb6 37. Ra4 Bc5 38. Rxf7 gxf5 39. Rxf5 Rhe8 40. Kh2 Bf2 41. Rb4+ Ka7 42. Rf7+ Ka8 43. Ra4 Rc6 44. Rh7 Bg3+ 45. Bxg3 hxg3+ 46. Kxg3 Rg8+ 47. Rg4 Rc2 48. Rxg8+ 1-0

[Event "Live Chess"]
[Site "Chess.com"]
[Date "2024.06.02"]
[Round "-"]
[White "blunderabit"]
[Black "ameetghasi100"]
[Result "0-1"]
[WhiteElo "1757"]
[BlackElo "2773"]
[TimeControl "300"]
[EndTime "3:18:26 PDT"]
[Termination "ameetghasi100 won on time"]

1. e4 c5 2. Nf3 e6 3. d4 cxd4 4.
Nxd4 Ne7 5. Nc3 a6 6. Be3 b5 7. a3 Bb7 8. f3 h5 9. Qd2 h4 10. h3 Ng6 11. O-O-O b4 12. axb4 Bxb4 13. Bd3 Qa5 14. Nb3 Qc7 15. Qe1 Nc6 16. Bd2 Bd6 17.
Na4 Nce5 18. Ba5 Qc6 19. Nb6 Nf4 20. Kb1 Nxg2 21. Qf2 Nf4 22. Nxa8 Bxa8 23. Qa7 Qb7 24. Qd4 Bb8 25. Nc5 Qc6 26. Nxa6 Bd6 27. Bf1 Ke7 28. Qxd6+ Qxd6 29. Rxd6 Kxd6 30. Bc7+ Ke7 31. Bxe5 Ng6 32. Bc3 d5 33. Bd3 Nf4 34. Nc7 dxe4 35. Bxe4 Bxe4 36.
fxe4 f6 37. Nb5 e5 38. Bb4+ Ke6 39. Rd1 Rb8 40. Rd6+ Kf7 41. c4 Nxh3 42. Rd7+ Kg8 43. Be1 Ng5 44. Bxh4 Nxe4 45. Be1 Rc8 46. b3 g5 47. Nd6 Nxd6 48. Rxd6 Kf7 49. Bg3 g4 50. Rd2 Rh8 51. Rf2 Rb8 0-1

[Event "Live Chess"]
[Site "Chess.com"]
[Date "2024.06.02"]
[Round "-"]
[White "Bunny55"]
[Black "Ninifu"]
[Result "0-1"]
[WhiteElo "1161"]
[BlackElo "2007"]
[TimeControl "300"]
[EndTime "3:18:32 PDT"]
[Termination "Ninifu won by resignation"]

1. e4 d5 2. exd5 Nf6 3. Nc3 Nxd5 4. d4 Nxc3 5. bxc3 e6 6. Nf3 Be7 7. Bd3 Nd7 8. Be3 Nf6 9. O-O b6 10. Re1 Bb7 11. Ne5 O-O 12. Qd2 Qd5 13. f3 c5 14. Be4 Nxe4 15. fxe4 Qxe4 0-1

[Event "Live Chess"]
[Site "Chess.com"]
[Date "2024.06.02"]
[Round "-"]
[White "Delacorta"]
[Black "juniortay"]
[Result "0-1"]
[WhiteElo "1514"]
[BlackElo "2366"]
[TimeControl "300"]
[EndTime "3:18:49 PDT"]
[Termination "juniortay won by resignation"]

1. d4 d5 2. Nf3 c5 3. e3 Nc6 4. b3 Bg4 5. Be2 Nf6 6. h3 Bh5 7. Bb2 e6 8. Nbd2 Bd6 9. Ne5 Bxe2 10. Qxe2 O-O 11. O-O Qc7 12. f4 Ne4 13. Nxe4 dxe4 14. Rad1 f5 15. d5 Nxe5 16. fxe5 Bxe5 17. d6 Bxd6 18.
Qc4 Rae8 19. Kf2 Rf7 20. Ke2 Be5 21. Ba3 b6 22. b4 cxb4 23. Qxb4 Qxc2+ 24. Rd2 Qc8 25.
Rc1 Qa6+ 26. Kd1 Qf1+ 27. Kc2 Rc7+ 0-1

[Event "Live Chess"]
[Site "Chess.com"]
[Date "2024.06.02"]
[Round "-"]
[White "NottheBishopSacrifice"]
[Black "Pandreq"]
[Result "1-0"]
[WhiteElo "2309"]
[BlackElo "1220"]
[TimeControl "300"]
[EndTime "3:18:52 PDT"]
[Termination "NottheBishopSacrifice won by resignation"]

1. d4 d5 2. c4 c6 3. Nf3 Nf6 4.
e3 Bf5 5. Be2 Nbd7 6. O-O e6 7.
b3 Bb4 8. Bb2 O-O 9. Nh4 Bg6 10.
Nxg6 hxg6 11. Nc3 b6 12. a3 Bd6 13. Qc2 c5 14. cxd5 Nxd5 15. Nxd5 exd5 16. Bf3 Nf6 17. h3 Rc8 18. dxc5 Bxc5 19. Qd3 Re8 20. b4 Be7 21.
Bxf6 Bxf6 22. Rac1 Rxc1 23. Rxc1 d4 24. e4 Be5 25. Bg4 Qb8 26. g3 Rc8 27. Rxc8+ 1-0